[Event "FICS rated standard game"]
[Site "FICS freechess.org"]
[FICSGamesDBGameNo "20002644"]
[White "japie"]
[Black "HavaTampa"]
[WhiteElo "1179"]
[BlackElo "1268"]
[WhiteRD "na"]
[BlackRD "na"]
[TimeControl "2700+12"]
[Date "1999.10.14"]
[Time "15:36:00"]
[WhiteClock "0:45:00.000"]
[BlackClock "0:45:00.000"]
[ECO "C50"]
[PlyCount "83"]
[Result "1-0"]

1. e4 e5 2. Nf3 Nc6 3. Bc4 h6 4. Nc3 Nf6 5. O-O d6 6. d3 Bg4 7. h3 Bh5 8. Be3 Qd7 9. Nd5 Nxd5 10. Bxd5 O-O-O 11. c3 Be7 12. Bxc6 Qxc6 13. Nxe5 dxe5 14. Qxh5 f6 15. Bxa7 Rhg8 16. Rfd1 b6 17. Qf7 Bd6 18. d4 Qxe4 19. dxe5 Qxe5 20. g3 Qc5 21. Rd5 Qc6 22. Rad1 Rdf8 23. Qe6+ Kb7 24. Rxd6 cxd6 25. Rxd6 Qxd6 26. Qxd6 Kxa7 27. Qd7+ Ka6 28. a4 Rd8 29. Qf7 Rd1+ 30. Kg2 Rc8 31. Qxg7 Rc4 32. Qxf6 Rxa4 33. Qxh6 Rb1 34. Qc6 Ra5 35. Qa8+ Kb5 36. Qd5+ Ka6 37. Qd3+ Rb5 38. Qxb1 Re5 39. Qd3+ b5 40. Qd2 Ka5 41. b4+ Ka4 42. Qa2# {Black checkmated} 1-0

[Event "FICS rated blitz game"]
[Site "FICS freechess.org"]
[FICSGamesDBGameNo "20002642"]
[White "wnc"]
[Black "fell"]
[WhiteElo "1410"]
[BlackElo "1428"]
[WhiteRD "na"]
[BlackRD "na"]
[TimeControl "300+0"]
[Date "1999.10.14"]
[Time "14:27:00"]
[WhiteClock "0:05:00.000"]
[BlackClock "0:05:00.000"]
[ECO "B45"]
[PlyCount "173"]
[Result "1-0"]

1. e4 c5 2. Nf3 Nc6 3. d4 cxd4 4. Nxd4 Nf6 5. Nc3 e6 6. Bg5 Bb4 7. Bd3 Bxc3+ 8. bxc3 d5 9. e5 Nxe5 10. Qe2 Nc6 11. Nxc6 bxc6 12. Rd1 Qa5 13. O-O Qxc3 14. Bd2 Qa3 15. c4 Qxa2 16. cxd5 cxd5 17. Bb5+ Bd7 18. Bxd7+ Nxd7 19. Rfe1 O-O 20. f4 Qc4 21. Qg4 Nf6 22. Qf3 Ne4 23. Be3 a5 24. Rc1 Qb4 25. Rb1 Qe7 26. Rbc1 Rfc8 27. Rxc8+ Rxc8 28. f5 exf5 29. Bd4 h6 30. g4 fxg4 31. Qxg4 Qg5 32. Qxg5 Nxg5 33. Kg2 Rc2+ 34. Kg3 Rd2 35. Be3 Rd3 36. h4 Ne4+ 37. Kf3 Nd2+ 38. Ke2 Rxe3+ 39. Kxe3 Nc4+ 40. Kd4 a4 41. Kxd5 Nb2 42. Ra1 g5 43. hxg5 hxg5 44. Ra2 Nd1 45. Kd4 Kg7 46. Rxa4 Kg6 47. Ra1 Nf2 48. Ke3 Ng4+ 49. Kf3 f5 50. Ra6+ Kh5 51. Ra1 Kg6 52. Ra6+ Kh5 53. Ra2 Kg6 54. Ra1 Kh5 55. Rh1+ Kg6 56. Rh8 Kg7 57. Rh1 Kg6 58. Rg1 Kg7 59. Rh1 Kg6 60. Re1 Kg7 61. Rd1 Kg6 62. Rc1 Kh5 63. Rh1+ Kg6 64. Rb1 Kh5 65. Rc1 Kg6 66. Rc6+ Kh5 67. Rc5 Kg6 68. Rb5 Kh5 69. Ra5 Kg6 70. Ra4 Kh5 71. Rb4 Kg6 72. Rc4 Kh5 73. Rc5 Kg6 74. Rc6+ Kh5 75. Rc7 Kg6 76. Rb7 Kf6 77. Rb8 Kg6 78. Rb7 Kf6 79. Rb6+ Kg7 80. Rb5 Kg6 81. Rb6+ Kf7 82. Rb7+ Kg6 83. Ra7 Kf6 84. Ra6+ Kg7 85. Ra5 Kg6 86. Ra4 Kg7 87. Ra6 {Black forfeits on time} 1-0

[Event "FICS rated blitz game"]
[Site "FICS freechess.org"]
[FICSGamesDBGameNo "20002641"]
[White "Esarhazdon"]
[Black "Alekk"]
[WhiteElo "1243"]
[BlackElo "1239"]
[WhiteRD "na"]
[BlackRD "na"]
[TimeControl "120+12"]
[Date "1999.10.14"]
[Time "14:25:00"]
[WhiteClock "0:02:00.000"]
[BlackClock "0:02:00.000"]
[ECO "C17"]
[PlyCount "58"]
[Result "0-1"]

1. e4 e6 2. d4 d5 3. Nc3 Bb4 4. e5 c5 5. dxc5 Bxc5 6. Nf3 Nc6 7. Bb5 Bd7 8. O-O Qb6 9. Bxc6 Bxc6 10. Ne2 Rc8 11. Nfd4 Ne7 12. Nxc6 Rxc6 13. Ng3 O-O 14. c3 Rfc8 15. Qg4 Ng6 16. Nh5 d4 17. Nf6+ gxf6 18. exf6 dxc3 19. Qh5 cxb2 20. Qh6 Bf8 21. Qh5 bxa1=Q 22. Bh6 Qxf1+ 23. Kxf1 Qb1+ 24. Ke2 Rc2+ 25. Ke3 R8c3+ 26. Ke4 Qe1+ 27. Kd4 Qxf2+ 28. Ke4 Re2+ 29. Be3 Qxe3# {White checkmated} 0-1

[Event "FICS rated blitz game"]
[Site "FICS freechess.org"]
[FICSGamesDBGameNo "20002640"]
[White "Spezi"]
[Black "Sulu"]
[WhiteElo "1903"]
[BlackElo "1503"]
[WhiteRD "na"]
[BlackRD "na"]
[TimeControl "180+0"]
[Date "1999.10.14"]
[Time "14:24:00"]
[WhiteClock "0:03:00.000"]
[BlackClock "0:03:00.000"]
[ECO "D02"]
[PlyCount "83"]
[Result "1-0"]

1. d4 d5 2. Nf3 c5 3. Bf4 Nc6 4. c3 e6 5. e3 Bd6 6. Bg3 Bxg3 7. hxg3 Nge7 8. Nbd2 f6 9. Be2 c4 10. b3 b5 11. a4 Ba6 12. axb5 Bxb5 13. bxc4 dxc4 14. Bxc4 Bxc4 15. Nxc4 Qd5 16. Qa4 O-O 17. Ncd2 e5 18. Qc4 Qxc4 19. Nxc4 e4 20. Nfd2 f5 21. Ra6 Rfc8 22. Ke2 Nd5 23. Rc1 g5 24. Nd6 Rc7 25. Nxf5 Rb8 26. Rc2 Ncb4 27. Rb2 Nxc3+ 28. Kf1 Rcb7 29. Nd6 Rb6 30. Rxb6 Rxb6 31. N2xe4 Na4 32. Rb1 Nd3 33. Rxb6 axb6 34. Ke2 Ndb2 35. Nxg5 h6 36. Nge4 Kf8 37. Kd2 Ke7 38. Nf5+ Kd7 39. Nxh6 b5 40. Ng4 b4 41. Ne5+ Kc7 42. Nd3 {Black resigns} 1-0

[Event "FICS rated blitz game"]
[Site "FICS freechess.org"]
[FICSGamesDBGameNo "20002639"]
[White "mps"]
[Black "bachman"]
[WhiteElo "1579"]
[BlackElo "1549"]
[WhiteRD "na"]
[BlackRD "na"]
[TimeControl "240+12"]
[Date "1999.10.14"]
[Time "14:23:00"]
[WhiteClock "0:04:00.000"]
[BlackClock "0:04:00.000"]
[ECO "B21"]
[PlyCount "57"]
[Result "1-0"]

1. e4 c5 2. d4 cxd4 3. c3 dxc3 4. Nxc3 Nc6 5. Nf3 d6 6. Bc4 Nf6 7. O-O e6 8. Qe2 Be7 9. Rd1 Bd7 10. Nb5 Qb8 11. Bf4 e5 12. Bg5 Bg4 13. Bxf6 gxf6 14. h3 Bh5 15. Rd3 a6 16. Nc3 Rg8 17. Qc2 Nb4 18. Qa4+ b5 19. Bxb5+ axb5 20. Qxb4 d5 21. Qb3 dxe4 22. Nxe4 f5 23. Ng3 Rxg3 24. fxg3 e4 25. Re3 exf3 26. Rae1 f2+ 27. Kxf2 Qb6 28. Kf1 Ra7 29. Qc3 {Black forfeits on time} 1-0

[Event "FICS rated blitz game"]
[Site "FICS freechess.org"]
[FICSGamesDBGameNo "20002637"]
[White "nicksinc"]
[Black "Divag"]
[WhiteElo "1515"]
[BlackElo "1744"]
[WhiteRD "na"]
[BlackRD "na"]
[TimeControl "360+0"]
[Date "1999.10.14"]
[Time "14:18:00"]
[WhiteClock "0:06:00.000"]
[BlackClock "0:06:00.000"]
[ECO "B07"]
[PlyCount "59"]
[Result "0-1"]

1. e4 d6 2. d4 Nf6 3. Nc3 g6 4. Be3 Ng4 5. Bg5 h6 6. Bh4 Nf6 7. f3 Bg7 8. Bf2 O-O 9. Bd3 e5 10. Nge2 Nc6 11. Qd2 Nxd4 12. Nxd4 exd4 13. Bxd4 c5 14. Be3 Kh7 15. O-O-O Be6 16. h4 Qa5 17. Kb1 c4 18. Be2 b5 19. h5 b4 20. hxg6+ fxg6 21. Bxh6 bxc3 22. Bxg7+ Kxg7 23. Qh6+ Kf7 24. Rxd6 Qb4 25. b3 Qa3 26. Rd7+ Bxd7 27. Bxc4+ Be6 28. Bxe6+ Kxe6 29. Qh3+ Kf7 30. Qc8 {White resigns} 0-1

[Event "FICS rated blitz game"]
[Site "FICS freechess.org"]
[FICSGamesDBGameNo "20002636"]
[White "Judith"]
[Black "Rpantherii"]
[WhiteElo "1231"]
[BlackElo "1161"]
[WhiteRD "na"]
[BlackRD "na"]
[TimeControl "120+12"]
[Date "1999.10.14"]
[Time "14:16:00"]
[WhiteClock "0:02:00.000"]
[BlackClock "0:02:00.000"]
[ECO "B06"]
[PlyCount "55"]
[Result "1-0"]

1. e4 g6 2. Nf3 e5 3. Bc4 Nf6 4. O-O Nxe4 5. Nxe5 d5 6. Bb3 c6 7. Re1 Bg7 8. Nf3 O-O 9. d3 Nc5 10. c3 Nxb3 11. Qxb3 Nd7 12. Bg5 Qc7 13. Nbd2 Nf6 14. Qc2 Ng4 15. h3 Qh2+ 16. Nxh2 Ne5 17. d4 Nd7 18. Ndf3 Nb6 19. Ne5 Bxe5 20. Rxe5 Bf5 21. Rxf5 gxf5 22. Qxf5 Rfe8 23. Bh6 Re6 24. Ng4 Rae8 25. Nf6+ Rxf6 26. Qxf6 Re1+ 27. Rxe1 Nd7 28. Qg7# {Black checkmated} 1-0

[Event "FICS rated blitz game"]
[Site "FICS freechess.org"]
[FICSGamesDBGameNo "20002635"]
[White "mashooh"]
[Black "Manfred"]
[WhiteElo "1676"]
[BlackElo "1847"]
[WhiteRD "na"]
[BlackRD "na"]
[TimeControl "180+5"]
[Date "1999.10.14"]
[Time "13:56:00"]
[WhiteClock "0:03:00.000"]
[BlackClock "0:03:00.000"]
[ECO "B03"]
[PlyCount "64"]
[Result "0-1"]

1. e4 Nf6 2. e5 Nd5 3. d4 Nb6 4. c4 d6 5. f4 Bf5 6. Be3 e6 7. Nf3 Na6 8. Be2 Nb4 9. Na3 c5 10. dxc5 dxc5 11. O-O Be7 12. h3 O-O 13. g4 Be4 14. Qe1 a6 15. Qf2 Qc7 16. Rad1 Rad8 17. Nd2 Bd3 18. Nf3 Na4 19. Rd2 Bxe2 20. Qxe2 Nxa2 21. b3 N4c3 22. Qg2 Nb4 23. Nc2 Ne4 24. Rxd8 Rxd8 25. Nxb4 cxb4 26. Nd4 Nc3 27. Rf2 Bc5 28. Rd2 Qb6 29. Rd3 Bxd4 30. Bxd4 Rxd4 31. Rxd4 Qxd4+ 32. Qf2 Ne2+ {White resigns} 0-1

[Event "FICS rated blitz game"]
[Site "FICS freechess.org"]
[FICSGamesDBGameNo "20002634"]
[White "rames"]
[Black "boxy"]
[WhiteElo "1581"]
[BlackElo "1468"]
[WhiteRD "na"]
[BlackRD "na"]
[TimeControl "180+0"]
[Date "1999.10.14"]
[Time "13:15:00"]
[WhiteClock "0:03:00.000"]
[BlackClock "0:03:00.000"]
[ECO "D02"]
[PlyCount "29"]
[Result "1-0"]

1. d4 Nf6 2. Nf3 d5 3. Bf4 c5 4. e3 e6 5. c3 Bd6 6. Ne5 Nbd7 7. Nd2 Qc7 8. Ndf3 Nh5 9. dxc5 Nxf4 10. cxd6 Nxg2+ 11. Bxg2 Qxd6 12. Qd4 O-O 13. O-O-O Nxe5 14. Nxe5 Qxe5 15. Qxe5 {Black resigns} 1-0

[Event "FICS rated blitz game"]
[Site "FICS freechess.org"]
[FICSGamesDBGameNo "20002633"]
[White "oskarsm"]
[Black "Sbander"]
[WhiteElo "1640"]
[BlackElo "1384"]
[WhiteRD "na"]
[BlackRD "na"]
[TimeControl "180+0"]
[Date "1999.10.14"]
[Time "13:03:00"]
[WhiteClock "0:03:00.000"]
[BlackClock "0:03:00.000"]
[ECO "D10"]
[PlyCount "75"]
[Result "1-0"]

1. d4 d5 2. c4 Nf6 3. Nc3 c6 4. a4 e6 5. e3 Bb4 6. Nf3 Ne4 7. Bd2 Nxd2 8. Qxd2 Qa5 9. Be2 dxc4 10. Bxc4 Nd7 11. O-O Nf6 12. Bd3 O-O 13. Rac1 Bxc3 14. Rxc3 Bd7 15. Rc5 Qxd2 16. Nxd2 b6 17. Rc2 c5 18. dxc5 bxc5 19. Rxc5 Bxa4 20. Ne4 Nxe4 21. Bxe4 Rab8 22. Ra5 Bb5 23. Rfa1 a6 24. g3 Bc4 25. Kg2 Rxb2 26. Rc5 Bb5 27. Rac1 Rd2 28. Rc8 Rdd8 29. R8c7 f5 30. Bb1 g5 31. Ba2 Bd7 32. Rxd7 Rxd7 33. Bxe6+ Kg7 34. Bxd7 Rd8 35. Bxf5 Kf6 36. Bxh7 a5 37. Ra1 Rd7 38. Be4 {Black resigns} 1-0

[Event "FICS rated blitz game"]
[Site "FICS freechess.org"]
[FICSGamesDBGameNo "20002632"]
[White "warszawa"]
[Black "Penseroso"]
[WhiteElo "1529"]
[BlackElo "1404"]
[WhiteRD "na"]
[BlackRD "na"]
[TimeControl "180+0"]
[Date "1999.10.14"]
[Time "12:42:00"]
[WhiteClock "0:03:00.000"]
[BlackClock "0:03:00.000"]
[ECO "B56"]
[PlyCount "23"]
[Result "1-0"]

1. e4 c5 2. Nf3 d6 3. d4 Nf6 4. Nc3 cxd4 5. Nxd4 Bd7 6. f4 Nc6 7. Be3 a6 8. Be2 e6 9. O-O Be7 10. f5 exf5 11. Nxf5 Bxf5 12. Rxf5 {Black resigns} 1-0

[Event "FICS rated blitz game"]
[Site "FICS freechess.org"]
[FICSGamesDBGameNo "20002631"]
[White "oskarsm"]
[Black "samha"]
[WhiteElo "1635"]
[BlackElo "1357"]
[WhiteRD "na"]
[BlackRD "na"]
[TimeControl "300+0"]
[Date "1999.10.14"]
[Time "12:29:00"]
[WhiteClock "0:05:00.000"]
[BlackClock "0:05:00.000"]
[ECO "D38"]
[PlyCount "73"]
[Result "1-0"]

1. d4 d5 2. c4 Nf6 3. Nc3 e6 4. Bg5 Bb4 5. e3 h6 6. Bxf6 Qxf6 7. Nf3 Nc6 8. Rc1 Na5 9. cxd5 exd5 10. Bd3 O-O 11. O-O Bg4 12. Nxd5 Qd6 13. Nxb4 Qxb4 14. b3 Rac8 15. h3 Bh5 16. g4 Bg6 17. Bxg6 fxg6 18. Ne5 Qd6 19. Qd3 Rf6 20. Rc5 b6 21. Rc2 h5 22. g5 Re6 23. Rfc1 c5 24. b4 Nb7 25. f4 a5 26. bxc5 bxc5 27. Qb3 Rc7 28. dxc5 Nxc5 29. Rxc5 Rxc5 30. Rxc5 Qxc5 31. Qxe6+ Kh7 32. Qxg6+ Kg8 33. Qd3 Qc1+ 34. Kg2 Qb2+ 35. Kg3 Qxa2 36. g6 Qe6 37. Qd8+ {Black resigns} 1-0

[Event "FICS rated blitz game"]
[Site "FICS freechess.org"]
[FICSGamesDBGameNo "20002630"]
[White "Montpellier"]
[Black "Wilquin"]
[WhiteElo "1469"]
[BlackElo "1744"]
[WhiteRD "na"]
[BlackRD "na"]
[TimeControl "300+0"]
[Date "1999.10.14"]
[Time "12:25:00"]
[WhiteClock "0:05:00.000"]
[BlackClock "0:05:00.000"]
[ECO "D02"]
[PlyCount "126"]
[Result "1/2-1/2"]

1. d4 Nf6 2. Nf3 d5 3. Bf4 Bf5 4. e3 e6 5. Nbd2 Be7 6. Bd3 Bxd3 7. cxd3 c6 8. h3 O-O 9. O-O Qb6 10. Qb3 Qxb3 11. axb3 Nbd7 12. Ra2 a6 13. Rfa1 Rac8 14. b4 Nh5 15. Bh2 h6 16. Nb3 Bxb4 17. Na5 Bxa5 18. Rxa5 f5 19. b4 Rfd8 20. Nd2 Nhf6 21. Nb3 g5 22. R5a4 Kg7 23. Na5 b6 24. Nb7 Rg8 25. Rxa6 c5 26. bxc5 bxc5 27. dxc5 Rb8 28. c6 e5 29. cxd7 Rxb7 30. Bxe5 Rxd7 31. Bxf6+ Kf7 32. Bd4 Rb8 33. Rf6+ Ke7 34. Raa6 Rb1+ 35. Kh2 Rc7 36. Rfe6+ Kf7 37. Rf6+ Ke7 38. Rae6+ Kd7 39. Rxh6 Rcc1 40. Rd6+ Kc7 41. Be5 Rh1+ 42. Kg3 f4+ 43. Kg4 fxe3 44. fxe3 Rb4+ 45. d4 Rb2 46. Rb6+ Kc8 47. Rh8+ Kd7 48. Rbh6 Rxg2+ 49. Kf3 Rf1+ 50. Kxg2 Rf7 51. Rf6 Rxf6 52. Bxf6 Ke6 53. Bxg5 Kf5 54. Rd8 Kxg5 55. Rxd5+ Kf6 56. e4 Ke6 57. h4 Kf6 58. h5 Kg7 59. e5 Kf7 60. h6 Kg6 61. Rd6+ Kh7 62. e6 Kg6 63. e7+ Kf7 {White ran out of time and Black has no material to mate} 1/2-1/2

[Event "FICS rated blitz game"]
[Site "FICS freechess.org"]
[FICSGamesDBGameNo "20002629"]
[White "Lanz"]
[Black "TestaPlastica"]
[WhiteElo "1721"]
[BlackElo "1737"]
[WhiteRD "na"]
[BlackRD "na"]
[TimeControl "240+0"]
[Date "1999.10.14"]
[Time "12:19:00"]
[WhiteClock "0:04:00.000"]
[BlackClock "0:04:00.000"]
[ECO "E74"]
[PlyCount "56"]
[Result "0-1"]

1. d4 Nf6 2. c4 g6 3. Nc3 Bg7 4. e4 d6 5. Be2 O-O 6. Bg5 c5 7. d5 h6 8. Be3 a5 9. f4 a4 10. Nf3 Ng4 11. Bd2 a3 12. b3 Ne3 13. Bxe3 Bxc3+ 14. Kf2 Bxa1 15. Qxa1 Bg4 16. f5 g5 17. h4 Bxf3 18. gxf3 e5 19. fxe6 fxe6 20. hxg5 e5 21. gxh6 Kh7 22. Qg1 Qf6 23. Bg5 Qg6 24. Qg4 Na6 25. Be7 Qxg4 26. Bxf8 Rxf8 27. Ke3 Qf4+ 28. Kd3 Nb4+ {White resigns} 0-1

[Event "FICS rated lightning game"]
[Site "FICS freechess.org"]
[FICSGamesDBGameNo "20002628"]
[White "pdeck"]
[Black "tps"]
[WhiteElo "2105"]
[BlackElo "1820"]
[WhiteRD "na"]
[BlackRD "na"]
[TimeControl "60+0"]
[Date "1999.10.14"]
[Time "12:18:00"]
[WhiteClock "0:01:00.000"]
[BlackClock "0:01:00.000"]
[ECO "C00"]
[PlyCount "143"]
[Result "1/2-1/2"]

1. e4 e6 2. Nf3 d5 3. exd5 exd5 4. d4 Bg4 5. Bd3 Nf6 6. Bf4 Bxf3 7. Qxf3 Bd6 8. Bxd6 Qxd6 9. c3 Nbd7 10. O-O O-O-O 11. Na3 c6 12. Rab1 g5 13. b4 g4 14. Qf5 h5 15. Rb3 h4 16. b5 Rh5 17. Qxh5 Nxh5 18. bxc6 Qxc6 19. Bb5 Qc7 20. c4 Nb6 21. cxd5 Rxd5 22. Re3 Rxd4 23. Re8+ Rd8 24. Rxd8+ Qxd8 25. Rc1+ Kb8 26. Re1 a6 27. Re8 Qxe8 28. Bxe8 Nf6 29. Bxf7 Ne4 30. Be6 Na4 31. Bxg4 Nac3 32. Bf3 Nd2 33. Bg4 Nxa2 34. Bh3 b5 35. Nc2 b4 36. Be6 b3 37. Bxb3 Nxb3 38. Na3 a5 39. g3 hxg3 40. fxg3 Kc7 41. h4 Kd8 42. Kg2 Ke8 43. Kh3 Kf8 44. g4 Kg7 45. h5 Nd4 46. Kh4 Nf3+ 47. Kg3 Ne5 48. Kf4 Nxg4 49. Kxg4 Nc3 50. Kg5 Kh7 51. Nc4 a4 52. Na3 Kg7 53. Nc4 Kh7 54. Na3 Kh8 55. Kh4 Nb1 56. Kg4 Nxa3 57. Kg5 Nc4 58. h6 a3 59. Kf4 a2 60. Ke4 a1=Q 61. Kd3 Qf6 62. Kxc4 Qxh6 63. Kd5 Qa6 64. Ke4 Kg7 65. Kd4 Kf6 66. Ke4 Qa5 67. Kd4 Qc5+ 68. Ke4 Qe5+ 69. Kf3 Ke6 70. Kf2 Qd4+ 71. Kf3 Qc3+ 72. Ke2 {Black ran out of time and White has no material to mate} 1/2-1/2

[Event "FICS rated blitz game"]
[Site "FICS freechess.org"]
[FICSGamesDBGameNo "20002626"]
[White "gwoya"]
[Black "scheffau"]
[WhiteElo "1798"]
[BlackElo "1806"]
[WhiteRD "na"]
[BlackRD "na"]
[TimeControl "300+0"]
[Date "1999.10.14"]
[Time "11:25:00"]
[WhiteClock "0:05:00.000"]
[BlackClock "0:05:00.000"]
[ECO "B01"]
[PlyCount "86"]
[Result "0-1"]

1. e4 d5 2. exd5 Qxd5 3. Nc3 Qd8 4. d4 Nf6 5. Bc4 c6 6. Nge2 Bf5 7. Bf4 e6 8. Qd2 Bd6 9. Bxd6 Qxd6 10. O-O-O Nbd7 11. f3 Nb6 12. Bb3 O-O-O 13. Rhe1 Nbd5 14. Nxd5 Nxd5 15. h4 h5 16. a3 Qe7 17. Bxd5 cxd5 18. Qa5 Kb8 19. Nc3 Qc7 20. Qa4 Rc8 21. Rd2 Qc4 22. Qxc4 Rxc4 23. Rg1 a5 24. g4 Bg6 25. g5 Rhc8 26. Rgg2 R8c7 27. Nb5 Re7 28. Rge2 b6 29. f4 Rc6 30. c3 Kb7 31. b3 a4 32. bxa4 Re8 33. Kb2 Ra8 34. Kb3 Kc8 35. Re5 Kd7 36. Rde2 Rc4 37. f5 Bxf5 38. Rxf5 exf5 39. Re5 Rcxa4 40. Rxd5+ Ke7 41. c4 g6 42. Re5+ Kf8 43. Rd5 Kg7 {White forfeits on time} 0-1

[Event "FICS rated blitz game"]
[Site "FICS freechess.org"]
[FICSGamesDBGameNo "20002625"]
[White "gwoya"]
[Black "QueenDream"]
[WhiteElo "1798"]
[BlackElo "1723"]
[WhiteRD "na"]
[BlackRD "na"]
[TimeControl "240+0"]
[Date "1999.10.14"]
[Time "10:57:00"]
[WhiteClock "0:04:00.000"]
[BlackClock "0:04:00.000"]
[ECO "B01"]
[PlyCount "166"]
[Result "0-1"]

1. e4 d5 2. exd5 Qxd5 3. Nc3 Qa5 4. d4 Nf6 5. Nf3 c6 6. Bc4 Qc7 7. h3 e6 8. Ne5 Bd6 9. Bf4 b5 10. Bxb5 cxb5 11. Nxb5 Qa5+ 12. Nc3 Nd5 13. Qd2 Ba6 14. Nxd5 Qxd2+ 15. Bxd2 exd5 16. Nf3 O-O 17. O-O-O Nc6 18. Bc3 Be2 19. Rde1 Bxf3 20. gxf3 Bf4+ 21. Kb1 Rae8 22. b3 f6 23. a4 Kf7 24. Kb2 Rxe1 25. Rxe1 Re8 26. Rxe8 Kxe8 27. b4 a6 28. b5 axb5 29. axb5 Ne7 30. Kb3 Kd7 31. Kb4 Kc7 32. Ka5 Kb7 33. Bb4 Bc7+ 34. Ka4 Nf5 35. c3 Nh4 36. Bf8 g6 37. Bg7 f5 38. Kb4 Nxf3 39. c4 dxc4 40. Kxc4 Ng5 41. h4 Ne4 42. Kd5 Nxf2 43. Ke6 Ne4 44. Kf7 Nd6+ 45. Kg8 f4 46. Bh6 f3 47. Be3 Bd8 48. Kxh7 Bxh4 49. Kxg6 f2 50. Bxf2 Bxf2 51. Kf6 Bxd4+ 52. Ke6 Nxb5 53. Kd5 Bg1 54. Kc4 Kb6 55. Kd5 Nc3+ 56. Ke5 Kc5 57. Ke6 Bd4 58. Kf5 Nd5 59. Ke4 Kc4 60. Kf3 Nc3 61. Kg4 Kd3 62. Kf5 Ke3 63. Ke6 Ke4 64. Kd6 Na4 65. Kc6 Nc3 66. Kb7 Kd3 67. Ka6 Kc4 68. Kb7 Kb5 69. Kc8 Kc6 70. Kd8 Nd5 71. Ke8 Kd6 72. Kf7 Be5 73. Kg6 Ke6 74. Kh5 Kf5 75. Kh4 Kf4 76. Kh5 Nf6+ 77. Kh6 Kf5 78. Kg7 Nd7+ 79. Kf7 Bd6 80. Ke8 Ne5 81. Kd8 Ke6 82. Kc8 Nc6 83. Kb7 Kd7 {White forfeits on time} 0-1

[Event "FICS rated standard game"]
[Site "FICS freechess.org"]
[FICSGamesDBGameNo "20002624"]
[White "twinkle"]
[Black "SotoG"]
[WhiteElo "1888"]
[BlackElo "1839"]
[WhiteRD "na"]
[BlackRD "na"]
[TimeControl "1200+0"]
[Date "1999.10.14"]
[Time "10:04:00"]
[WhiteClock "0:20:00.000"]
[BlackClock "0:20:00.000"]
[ECO "B07"]
[PlyCount "94"]
[Result "1/2-1/2"]

1. e4 d6 2. d4 Nf6 3. Nd2 g6 4. f4 Bg7 5. Ngf3 O-O 6. Bd3 Na6 7. O-O c5 8. d5 Rb8 9. c3 Nc7 10. Qc2 b5 11. c4 bxc4 12. Nxc4 Ba6 13. Na5 Qd7 14. Nc6 Rb6 15. Bd2 Bxd3 16. Qxd3 Rxb2 17. Bc3 Rb7 18. Rfb1 Na8 19. Rxb7 Qxb7 20. Rb1 Nb6 21. a4 Qc7 22. a5 Nbd7 23. a6 Nb6 24. Nd2 Nfd7 25. Nxe7+ Kh8 26. Bxg7+ Kxg7 27. Nc6 Nb8 28. Nxb8 Rxb8 29. Qc3+ Kg8 30. Qf6 Qd8 31. Qxd8+ Rxd8 32. Nb3 Re8 33. Re1 Nxd5 34. Rd1 Nxf4 35. Rxd6 c4 36. Nc5 Re7 37. g3 Ne2+ 38. Kf2 Nc3 39. Rd4 Nb5 40. Rxc4 Rc7 41. Ke3 Nd6 42. Rd4 Rxc5 43. Rxd6 Ra5 44. Kd4 Kg7 45. Kc4 Kf8 46. Kb4 Ra1 47. Kb5 Ke7 {Game drawn by mutual agreement} 1/2-1/2

[Event "FICS rated blitz game"]
[Site "FICS freechess.org"]
[FICSGamesDBGameNo "20002623"]
[White "marand"]
[Black "Roughgear"]
[WhiteElo "1425"]
[BlackElo "1211"]
[WhiteRD "na"]
[BlackRD "na"]
[TimeControl "300+0"]
[Date "1999.10.14"]
[Time "09:30:00"]
[WhiteClock "0:05:00.000"]
[BlackClock "0:05:00.000"]
[ECO "B00"]
[PlyCount "62"]
[Result "0-1"]

1. e4 b6 2. Nc3 e6 3. d4 Bb4 4. Bd2 Bb7 5. Bd3 f5 6. exf5 Bxg2 7. Qh5+ Kf8 8. fxe6 Qe7 9. Qf5+ Nf6 10. Bg5 dxe6 11. Qf4 Bxh1 12. f3 Bd6 13. Qd2 Nc6 14. O-O-O Nxd4 15. Ne4 Nxf3 16. Nxf3 Bxf3 17. Rf1 Bxe4 18. Bxe4 h6 19. Bh4 g5 20. Be1 Kg7 21. Bxa8 Rxa8 22. Qc3 e5 23. Bg3 Nd5 24. Qf3 c6 25. Kb1 Rf8 26. Qe2 Rxf1+ 27. Qxf1 Ne3 28. Qe2 Bc5 29. Bf2 Nd5 30. Bg3 Bd4 31. c3 Bxc3 {White resigns} 0-1

[Event "FICS rated blitz game"]
[Site "FICS freechess.org"]
[FICSGamesDBGameNo "20002622"]
[White "Shivato"]
[Black "Kajus"]
[WhiteElo "1283"]
[BlackElo "1229"]
[WhiteRD "na"]
[BlackRD "na"]
[TimeControl "180+0"]
[Date "1999.10.14"]
[Time "09:29:00"]
[WhiteClock "0:03:00.000"]
[BlackClock "0:03:00.000"]
[ECO "C57"]
[PlyCount "51"]
[Result "1-0"]

1. e4 e5 2. Nf3 Nc6 3. Bc4 Nf6 4. Ng5 Bc5 5. Nxf7 Qe7 6. Nxh8 Bxf2+ 7. Kxf2 d5 8. exd5 Nd4 9. Re1 Ng4+ 10. Kg1 Qf6 11. Bb5+ c6 12. dxc6 Nf2 13. cxb7+ Nxb5 14. bxc8=Q+ Rxc8 15. Qh5+ g6 16. Qf3 Qxf3 17. gxf3 Nh3+ 18. Kg2 Nf4+ 19. Kf2 Rc5 20. d3 Kf8 21. Bxf4 exf4 22. Nc3 Nd4 23. Ne4 Rxc2+ 24. Kf1 Rxh2 25. Nxg6+ hxg6 26. Rac1 {Black forfeits on time} 1-0

[Event "FICS rated blitz game"]
[Site "FICS freechess.org"]
[FICSGamesDBGameNo "20002621"]
[White "wert"]
[Black "hasank"]
[WhiteElo "1668"]
[BlackElo "1787"]
[WhiteRD "na"]
[BlackRD "na"]
[TimeControl "180+0"]
[Date "1999.10.14"]
[Time "09:29:00"]
[WhiteClock "0:03:00.000"]
[BlackClock "0:03:00.000"]
[ECO "E83"]
[PlyCount "91"]
[Result "1-0"]

1. d4 Nf6 2. c4 g6 3. Nc3 Bg7 4. e4 d6 5. f3 O-O 6. Be3 Nc6 7. Qd2 e5 8. d5 Ne7 9. b4 Nd7 10. O-O-O f5 11. Nge2 f4 12. Bf2 b6 13. Kb2 a5 14. a3 axb4 15. axb4 Bb7 16. Nc1 Ra7 17. Nb3 g5 18. Bd3 Ng6 19. Ra1 Rxa1 20. Rxa1 Nf6 21. Qc1 Qd7 22. Ra7 Rb8 23. Qa1 g4 24. Rxb7 Rxb7 25. Qa8+ Bf8 26. Qxb7 gxf3 27. gxf3 Qh3 28. Qxc7 Qxf3 29. Bxb6 Qxd3 30. c5 f3 31. cxd6 Nxe4 32. Nxe4 Qxe4 33. d7 Qe2+ 34. Ka3 Qa6+ 35. Na5 Qd3+ 36. Ka4 Qd1+ 37. Kb5 Qxd5+ 38. Ka6 f2 39. Bxf2 Qe6+ 40. Kb7 Be7 41. Nc6 Qc4 42. d8=Q+ Bxd8 43. Qxd8+ Kg7 44. Qd7+ Kh6 45. Be3+ Kh5 46. Qh3+ {Black forfeits on time} 1-0

[Event "FICS rated blitz game"]
[Site "FICS freechess.org"]
[FICSGamesDBGameNo "20002620"]
[White "Degoop"]
[Black "ShlomoA"]
[WhiteElo "1416"]
[BlackElo "1408"]
[WhiteRD "na"]
[BlackRD "na"]
[TimeControl "180+0"]
[Date "1999.10.14"]
[Time "09:28:00"]
[WhiteClock "0:03:00.000"]
[BlackClock "0:03:00.000"]
[ECO "C41"]
[PlyCount "84"]
[Result "0-1"]

1. e4 e5 2. Nf3 d6 3. d4 exd4 4. Nxd4 Bd7 5. Bc4 Nc6 6. Nf3 Qe7 7. O-O Bg4 8. Re1 Ne5 9. Be2 Nxf3+ 10. Bxf3 Bxf3 11. Qxf3 O-O-O 12. Bg5 f6 13. Be3 h6 14. Bxa7 g5 15. e5 fxe5 16. Nc3 Nf6 17. Nb1 g4 18. Qf5+ Rd7 19. Nc3 h5 20. Rad1 h4 21. Ne4 Nxe4 22. Qxe4 g3 23. fxg3 hxg3 24. h3 Bh6 25. Qg4 Bf4 26. Rd3 b6 27. Qf3 c6 28. Qxc6+ Rc7 29. Qa8+ Kd7 30. Bxb6 Rxa8 31. Bxc7 Kxc7 32. Rc3+ Kd7 33. Re4 Rxa2 34. Kf1 Ra1+ 35. Ke2 Rg1 36. Rec4 Rxg2+ 37. Kf3 Rf2+ 38. Ke4 Qh7+ 39. Kd5 Rd2+ 40. Rd3 Rxd3+ 41. cxd3 Qxd3+ 42. Rd4 Qxd4# {White checkmated} 0-1